 Dungeon Crawl Stone Soup version 0.20.1-1-g8b1a95d (webtiles) character file.

155 terrabitesyou the Conjurer (level 5, -3/28 HPs)
             Began as a Deep Elf Conjurer on Dec 3, 2017.
             Killed by divine providence
             ... invoked by an orc priest
              (12 damage)
             ... on level 3 of the Dungeon.
             The game lasted 00:15:08 (3460 turns).

terrabitesyou the Conjurer (Deep Elf Conjurer)      Turns: 3460, Time: 00:15:08

Health: -3/28      AC:  2    Str:  6    XL:     5   Next: 14%
Magic:  1/13       EV: 13    Int: 20    God:
Gold:   200        SH:  0    Dex: 15    Spells: 2/12 levels left

rFire    x . .     SeeInvis .   (no weapon)
rCold    + . .     Gourm    .   (no shield)
rNeg     . . .     Faith    .   a - +0 robe
rPois    .         Spirit   .   (no helmet)
rElec    .         Reflect  .   (no cloak)
rCorr    .         Harm     .   (no gloves)
MR       .....                  (no boots)
Stlth    ++........             m - amulet of regeneration
Regen    0.5/turn               l - ring of ice
MPRegen  0.2/turn               (no ring)

@: no status effects
A: no striking features
a: no special abilities


You were on level 3 of the Dungeon.
You were not hungry.

You visited 1 branch of the dungeon, and saw 3 of its levels.

You collected 200 gold pieces.

Inventory:

Armour
 a - a +0 robe (worn)
Jewellery
 l - a ring of ice (left hand)
 m - an amulet of regeneration (around neck)
 r - an uncursed amulet of magic regeneration {unknown}
Scrolls
 f - 3 scrolls of enchant armour {unknown}
 g - a scroll of amnesia {unknown}
 i - 2 scrolls of remove curse {unknown}
 k - 2 scrolls of magic mapping {unknown}
 n - a scroll of enchant weapon {unknown}
 p - 2 scrolls of fear {unknown}
 q - 2 scrolls of identify
 w - a scroll of teleportation {unknown}
Potions
 e - a potion of haste {unknown}
 h - a potion of cancellation {unknown}
 j - 3 potions of curing {unknown}
 s - a potion of brilliance {unknown}
 t - a potion of degeneration {unknown}
 u - a potion of magic {unknown}
Books
 b - a book of Conjurations

   Spells                             Type                      Level
   a - Magic Dart                     Conjuration                  1
   b - Searing Ray                    Conjuration                  2
   c - Dazzling Spray                 Conjuration/Hexes            3
   d - Fulminant Prism                Conjuration/Hexes            4
   e - Force Lance                    Conjuration/Translocation    4
   f - Iskenderun's Mystic Blast      Conjuration                  4
Comestibles
 c - a bread ration
 d - 3 royal jellies
 o - 2 meat rations
 v - 2 chunks of flesh


   Skills:
 - Level 2.4 Dodging
 - Level 2.4 Stealth
 + Level 4.4 Spellcasting
 - Level 5.1 Conjurations
 + Level 4.4 Hexes


You had 2 spell levels left.
You knew the following spells:

 Your Spells              Type           Power        Failure   Level  Hunger
a - Dazzling Spray        Conj/Hex       ###...       4%          3    ###....
b - Fulminant Prism       Conj/Hex       ###.......   17%         4    ####...
q - Magic Dart            Conj           ###.         1%          1    None
w - Searing Ray           Conj           ###...       2%          2    #......


Dungeon Overview and Level Annotations

Branches:
Dungeon (3/15)

Altars:


Message History

Confirm with . or Enter, or press ? or * to list all spells.
Aiming: Searing Ray
Press: ? - help, Shift-Dir - straight line, f - orc
Aim: an orc The searing ray hits the orc priest.
The orc priest is almost dead. (Press . to maintain the ray.)
The orc priest closely misses you.
The searing ray hits the orc priest.
You kill the orc priest!
You have reached level 5!
Without enough magic to sustain it, your searing ray dissipates.
Casting: Searing Ray
Confirm with . or Enter, or press ? or * to list all spells.
You don't have enough magic to cast that spell.
The orc priest casts a cantrip, but nothing happens.
You see here a tomahawk.
The orc priest calls down the wrath of Beogh upon you.
Beogh smites you!
You die...

#. #.###.##. ### #.
#.#...........# #.
#.###...#.#.#.#.#.## ##'##
#.......#.#.#.#.#..# ##...##
#####.#.#.#.#.#.#..# #.....##
####.#.#.#.#.#.#..# .......##
##)##.#.#.#.#.#.#..###
........####...#.#...............
........))†..o.(@...............+
........####.o.#.#######.#...####
.......## #........ ##.##.## #
#.....## #.###.##.# #...###
##...## #.# #.# # #...# ### ##+##
#.# #.# #...# #.. #.# #.# ###.#
#.# #.# #.# #.# #.# #.. #.# #.#


You could see an orc priest and an orc.

Vanquished Creatures
  An orc priest (D:3)
  3 adders
  An ooze (D:2)
  3 worms
  2 dart slugs
  3 leopard geckos (D:2)
  2 orcs (D:3)
  10 giant cockroaches
  12 goblins
  4 hobgoblins
  2 jackals (D:1)
  2 quokkas (D:2)
  A ball python (D:1)
  3 bats
  2 frilled lizards
  13 kobolds
  13 rats
  2 plants (D:2)
79 creatures vanquished.

Vanquished Creatures (others)
  A hobgoblin (D:1)
1 creature vanquished.

Grand Total: 80 creatures vanquished

Notes
Turn   | Place    | Note
-------+----------+-------------------------------------------
     0 | D:1      | terrabitesyou the Deep Elf Conjurer began the quest for the Orb.
     0 | D:1      | Reached XP level 1. HP: 10/10 MP: 6/6
   255 | D:1      | Reached XP level 2. HP: 15/15 MP: 6/8
   269 | D:1      | Learned a level 2 spell: Searing Ray
   622 | D:1      | Reached skill level 5 in Conjurations
   827 | D:1      | Reached XP level 3. HP: 19/19 MP: 8/10
   832 | D:1      | Learned a level 3 spell: Dazzling Spray
  1283 | D:2      | Reached skill level 1 in Hexes
  1995 | D:2      | Reached XP level 4. HP: 24/24 MP: 6/11
  3171 | D:3      | Learned a level 4 spell: Fulminant Prism
  3454 | D:3      | Reached XP level 5. HP: 6/28 MP: 1/13
  3460 | D:3      | Killed from afar by an orc priest

Skill      XL: |  1  2  3  4 |
---------------+-------------+-----
Conjurations   | 5 |  5.1
Hexes          | 3 4 |  4.4
Spellcasting   | 4 |  4.4
Dodging        | |  2.4
Stealth        | |  2.4

Action                   |  1- 3 |  4- 6 || total
-------------------------+-------+-------++-------
Melee: Unarmed           |       |   217 ||   217
 Cast: Magic Dart        |    54 |    17 ||    71
       Searing Ray       |    19 |    17 ||    36
  Use: Scroll            |     2 |       ||     2
  Eat: Chunk             |     4 |     2 ||     6
       Meat ration       |       |     1 ||     1
Armor: Robe              |     4 |     3 ||     7
Dodge: Dodged            |    12 |    10 ||    22
